 Dungeon Crawl Stone Soup version 0.28.0 (webtiles) character file.

Game seed: 1816706987742833580

80955 hikkokomori the Tortoise (level 15, -7/139 HPs)
             Began as a Minotaur Fighter on Feb 6, 2022.
             Was the Champion of Zin.
             Mangled by a freezing wraith (17 damage)
             ... led by a death knight
             ... on level 12 of the Dungeon on Feb 7, 2022.
             The game lasted 01:17:26 (30978 turns).

hikkokomori the Tortoise (Minotaur Fighter)        Turns: 30978, Time: 01:17:26

Health: -7/139     AC: 29    Str: 24    XL:     15   Next: 25%
Magic:  21/21      EV: 14    Int:  5    God:    Zin [******]
Gold:   1626       SH:  5    Dex: 20    Spells: 12/14 levels left

rFire   . . .      SeeInvis .   j - +7 spear of Severance {venom, rN+}
rCold   . . .      Faith    .   k - orb {light}
rNeg    + . .      Spirit   .   I - +1 plate armour {rPois}
rPois   +          Reflect  +   (helmet restricted)
rElec   .          Harm     .   X - +2 cloak
rCorr   .          Rampage  +   u - +2 pair of gloves
Will    ++...                   q - +2 pair of boots {rampage}
Stlth   ..........              T - amulet of reflection
HPRegen 0.33/turn               a - +6 ring of dexterity
MPRegen 0.17/turn               Q - ring of willpower

@: glowing
A: horns 2, retaliatory headbutt
a: Renounce Religion, Recite, Vitalisation, Imprison, Sanctuary, Donate Gold


You were on level 12 of the Dungeon.
You worshipped Zin.
Zin was exalted by your worship.
You visited 5 branches of the dungeon, and saw 22 of its levels.
You also visited: Ossuary.

You collected 1880 gold pieces.
You spent 75 gold pieces at shops.
You donated 179 gold pieces to Zin.

Inventory:

Hand Weapons
 e - a +3 glaive
 g - the +7 dagger of Bisuskai {vorpal, Fly Str-4 Int-4 SInv}
   (You found it on level 4 of the Dungeon)

   It inflicts extra damage upon your enemies.
   Str:       It affects your strength (-4).
   Int:       It affects your intelligence (-4).
   SInv:      It lets you see invisible.
   Fly:       It grants you flight.
 j - the +7 spear of Severance (weapon) {venom, rN+}
   (You found it on level 2 of the Dungeon)

   It poisons the flesh of those it strikes.
   rN:        It protects you from negative energy.
 G - the +12 flail of Winter {vorpal, Int+3}
   (You found it on level 4 of the Dungeon)

   It inflicts extra damage upon your enemies.
   Int:       It affects your intelligence (+3).
 W - a +0 broad axe of electrocution
Missiles
 F - 392 arrows
 M - 4 throwing nets (quivered)
Armour
 c - a +0 buckler
 k - an orb of light (worn)
 q - a +2 pair of boots of rampaging (worn)
 s - the +0 pair of boots "Paelowk" {rF+ Will+}
   (You found it on level 6 of the Lair of Beasts)

   rF:        It protects you from fire.
   Will:      It increases your willpower.
 u - a +2 pair of gloves (worn)
 I - a +1 plate armour of poison resistance (worn)
 X - a +2 cloak (worn)
Jewellery
 a - a +6 ring of dexterity (left hand)
 B - a ring of protection from cold
 H - an amulet of the acrobat
 N - a ring of see invisible
 O - a ring of fire
 Q - a ring of willpower (right hand)
 R - an amulet of regeneration
 T - an amulet of reflection (around neck)
Wands
 r - a wand of iceblast (2)
 v - a wand of paralysis (8)
 J - a wand of digging (5)
 K - a wand of flame (88)
 V - a wand of mindburst (5)
Scrolls
 h - 2 scrolls of amnesia
 l - a scroll of holy word
 o - 5 scrolls of immolation
 p - 4 scrolls of enchant weapon
 w - 5 scrolls of fog
 x - a scroll of fear
 y - a scroll of blinking
 z - 2 scrolls of identify
 A - 2 scrolls of magic mapping
 L - 3 scrolls of summoning
 U - 2 scrolls of brand weapon
 Y - 2 scrolls of teleportation
 Z - 2 scrolls of silence
Potions
 b - 2 potions of mutation
 d - a potion of might
 f - 7 potions of curing
 i - 7 potions of ambrosia
 m - 5 potions of flight
 n - 3 potions of haste
 t - 6 potions of brilliance
 C - 2 potions of heal wounds
 D - a potion of invisibility
 E - 2 potions of resistance
 P - a potion of magic
 S - 2 potions of cancellation


   Skills:
 + Level 14.4 Fighting
 - Level 6.7(10.9) Axes
 + Level 13.3(13.9) Polearms
 + Level 16.2 Armour
 - Level 10.7 Dodging
 - Level 7.0 Stealth
 - Level 3.6 Shields
 - Level 5.8 Translocations
 + Level 9.8 Invocations


You had 12 spell levels left.
You knew the following spells:

 Your Spells              Type           Power      Damage    Failure   Level
a - Blink                 Tloc           10%        N/A       50%         2

Your spell library contained the following spells:

 Spells                   Type           Power      Damage    Failure   Level
 Freeze                   Ice            0%         1d3       98%         1
 Sandblast                Erth           0%         2d4       98%         1
 Shock                    Conj/Air       0%         1d3       98%         1
 Summon Small Mammal      Summ           0%         N/A       98%         1
 Passwall                 Tmut/Erth      0%         N/A       99%         2
 Sublimation of Blood     Necr           0%         N/A       99%         2
 Call Canine Familiar     Summ           0%         N/A       100%        3
 Frozen Ramparts          Ice            0%         1d2       100%        3
 Ozocubu's Armour         Ice            0%         N/A       100%        3
 Stone Arrow              Conj/Erth      0%         3d7       100%        3
 Summon Guardian Golem    Hex/Summ       0%         N/A       100%        3
 Swiftness                Air            0%         N/A       100%        3
 Airstrike                Air            0%         N/A       100%        4
 Hailstorm                Conj/Ice       0%         3d3       100%        4
 Ice Form                 Ice/Tmut       0%         N/A       100%        4
 Petrify                  Tmut/Erth      0%         N/A       100%        4
 Summon Ice Beast         Ice/Summ       0%         N/A       100%        4
 Irradiate                Conj/Tmut      0%         3d14      100%        5
 Manifold Assault         Tloc           5%         N/A       100%        5
 Metabolic Englaciation   Hex/Ice        0%         N/A       100%        5
 Simulacrum               Ice/Necr       0%         N/A       100%        6
 Ozocubu's Refrigeration  Ice            0%         4d5       100%        7
 Storm Form               Tmut/Air       0%         N/A       100%        7


Dungeon Overview and Level Annotations

Branches:
Dungeon (12/15)            Temple (1/1) D:5            Lair (6/6) D:8
  Swamp (0/4) Lair:2       Spider (1/4) Lair:2        Slime (0/5) Lair:6
    Orc (2/2) D:9             Elf (0/3) Orc:2       Ossuary (visited)

Altars:
Ashenzari
Cheibriados
Dithmenos
Elyvilon
Fedhas
Gozag
Hepliaklqana
Kikubaaqudgha
Makhleb
Nemelex Xobeh
Okawaru
Qazlal
Ru
Sif Muna
Trog
Uskayaw
Vehumet
Wu Jian
Xom
Yredelemnul
Zin
The Shining One
Jiyva
Lugonu

Shops:
D:3 ?   D:8 :   Orc:2 ?[[?[

Annotations:
D:11 1 runed translucent door
Lair:5 3 runed translucent doors, pdpol's ghost, journeyman MiBe


Innate Abilities, Weirdness & Mutations

You have a pair of horns on your head.
You reflexively headbutt those who attack you in melee.


Message History

The freezing wraith barely misses you.
You puncture the freezing wraith!
You headbutt the freezing wraith, but do no damage.
The freezing wraith is heavily damaged.
You hit the freezing wraith.
You headbutt the freezing wraith, but do no damage.
The freezing wraith is heavily damaged.
The freezing wraith barely misses you. You furiously retaliate!
You headbutt the freezing wraith, but do no damage.
The freezing wraith completely misses you.
You barely miss the freezing wraith.
The freezing wraith is heavily damaged.
You hit the freezing wraith.
Your headbutt misses the freezing wraith.
The freezing wraith is severely damaged.
You block the freezing wraith's attack. The freezing wraith closely misses you.
You hit the freezing wraith but do no damage.
The freezing wraith is severely damaged.
You hit the freezing wraith but do no damage.
The freezing wraith is severely damaged.
You block the freezing wraith's attack.
The freezing wraith hits you but does no damage.
You hit the freezing wraith.
The freezing wraith is severely damaged.
You hit the freezing wraith.
You headbutt the freezing wraith, but do no damage.
The freezing wraith is severely damaged.
The freezing wraith hits you!
* * * LOW HITPOINT WARNING * * *
The freezing wraith freezes you!!
* * * LOW HITPOINT WARNING * * *
The freezing wraith barely misses you.
You hit the freezing wraith.
The freezing wraith is almost destroyed.
You hit the freezing wraith but do no damage.
The freezing wraith is almost destroyed.
The freezing wraith hits you!
* * * LOW HITPOINT WARNING * * *
The freezing wraith freezes you!
You die... ##.## #.... #..# .WW

##.# #)#
#####.# #W#
#.....######'##
#......##.....#
#......##^....#
#.......#.....#
#.....#@#.....#
#.....#[W.....#
########......#
#......#
#.###..... #.#
#...... #..
#...... ##.
#...... .
#.######


You could see a freezing wraith.

Vanquished Creatures
  Saint Roka (Orc:2)
  An entropy weaver (Spider:1)
  Josephine (D:10)
  8 hydras
  Harold (D:8)
  A centaur warrior (D:10)
  A rakshasa (D:10)
  A death knight (D:12)
  A merfolk avatar (Lair:6)
  Erica (D:8)
  8 death yaks (Lair:6)
  7 two-headed ogres
  5 orc high priests (Orc:2)
  Urug (D:10)
  A skeletal warrior (D:12)
  A sea snake (Lair:6)
  A lindwurm (Lair:6)
  A phantasmal warrior (D:12)
  9 orc knights (Orc:2)
  2 harpies (Lair:6)
  A cyclops (D:10)
  A deep elf pyromancer (D:10)
  An ugly thing (D:12)
  An orc sorcerer (Orc:2)
  5 manticores
  An ice statue (D:11)
  6 black mambas
  Maurice (D:8)
  18 elephants
  2 torpor snails (Lair:6)
  14 cane toads
  An unseen horror (D:5)
  2 rime drakes
  8 komodo dragons
  11 trolls
  A meliai (Lair:2)
  A tyrant leech (Lair:2)
  A queen bee (D:10)
  A hornet (Lair:6)
  4 polar bears
  A slime creature (D:10)
  2 wind drakes (Lair:6)
  Grinder (D:5)
  11 blink frogs
  A snapping turtle (Lair:6)
  A shadow (D:10)
  Eustachio (D:6)
  3 vampires
  5 wyverns
  A centaur simulacrum (D:10)
  2 steam dragons
  8 wraiths
  3 basilisks
  A redback (Lair:2)
  38 yaks
  3 vampire mosquitoes (D:11)
  Edmund (D:5)
  An acid dragon (D:10)
  13 water moccasins
  45 orc warriors
  4 black bears
  10 wolves
  6 centaurs
  12 ogres
  4 kobold brigands
  5 bullfrogs
  5 gnoll sergeants
  3 scorpions
  3 water moccasin zombies (Ossuary)
  2 wyvern skeletons
  A water moccasin skeleton (D:5)
  11 wights
  22 killer bees
  5 howler monkeys
  7 bullfrog zombies
  5 centaur zombies
  3 centaur skeletons
  33 orc priests
  A gnoll shaman (D:8)
  3 hounds
  2 iguanas
  Terence (D:2)
  21 orc wizards
  2 hell rats (Lair:3)
  11 killer bee zombies
  A hound zombie (D:5)
  2 howler monkey zombies
  16 mummies
  13 gnolls
  7 adders
  10 river rats (Lair:3)
  A shadow imp (D:6)
  4 white imps
  An ufetubus (D:5)
  A worm (D:5)
  2 dart slugs
  76 orcs
  13 ball pythons
  5 bats
  8 endoplasms
  3 giant cockroaches
  6 goblins
  7 hobgoblins
  11 jackals
  6 quokkas
  3 frilled lizards (D:3)
  19 kobolds
  2 quokka zombies (D:4)
  7 rats
682 creatures vanquished.

Vanquished Creatures (others)
  52 fungi
  74 plants
  3 withered plants (Ossuary)
129 creatures vanquished.

Grand Total: 811 creatures vanquished

Notes
Turn   | Place    | Note
-------+----------+-------------------------------------------
     0 | D:1      | hikkokomori the Minotaur Fighter began the quest for the
                  | Orb.
     0 | D:1      | Reached XP level 1. HP: 19/19 MP: 0/0
    52 | D:1      | Reached XP level 2. HP: 24/27 MP: 1/1
   263 | D:1      | Reached skill level 4 in Armour
   308 | D:1      | Reached skill level 1 in Stealth
   316 | D:1      | Reached XP level 3. HP: 30/33 MP: 2/2
   885 | D:1      | Found a faded altar of an unknown god.
   967 | D:2      | Identified the +7 spear of Severance {venom, rN+}
   979 | D:2      | Noticed Terence
   989 | D:2      | Killed Terence
   990 | D:2      | Reached XP level 4. HP: 38/41 MP: 3/3
  1053 | D:2      | Reached skill level 1 in Polearms
  2004 | D:3      | Reached XP level 5. HP: 43/47 MP: 4/4
  2266 | D:3      | Found Joritov's Magic Scroll Boutique.
  2275 | D:3      | Bought a scroll of identify for 20 gold pieces
  2275 | D:3      | Bought a scroll of fog for 20 gold pieces
  2275 | D:3      | Bought a scroll of magic mapping for 35 gold pieces
  2597 | D:4      | Identified the +7 dagger of Bisuskai {vorpal, Fly Str-4
                  | Int-4 SInv}
  2644 | D:4      | Found a sand-covered staircase.
  2652 | Ossuary  | Entered an ossuary
  2664 | Ossuary  | Reached skill level 1 in Dodging
  2669 | Ossuary  | Reached skill level 5 in Fighting
  2692 | Ossuary  | Reached skill level 5 in Armour
  2692 | Ossuary  | Reached XP level 6. HP: 42/56 MP: 5/5
  2846 | Ossuary  | Reached XP level 7. HP: 28/61 MP: 6/6
  3144 | Ossuary  | Reached skill level 6 in Armour
  3254 | Ossuary  | Reached XP level 8. HP: 59/71 MP: 7/7
  4032 | D:4      | Found an ornate altar of the Wu Jian Council.
  4237 | D:4      | Identified the +12 flail of Winter {vorpal, Int+3}
  4268 | D:5      | Entered Level 5 of the Dungeon
  4316 | D:5      | Noticed an unseen horror
  4321 | D:5      | Killed an unseen horror
  4353 | D:5      | Reached skill level 7 in Armour
  4404 | D:5      | Found a staircase to the Ecumenical Temple.
  4478 | Temple   | Entered the Ecumenical Temple
  4631 | Temple   | Became a worshipper of the Shining One
  4710 | D:5      | Noticed Grinder
  4721 | D:5      | Killed Grinder
  4765 | D:5      | Found a burning altar of Makhleb.
  4765 | D:5      | Found a glowing silver altar of Zin.
  4769 | D:5      | Reached skill level 5 in Dodging
  4769 | D:5      | Noticed an angel
  4769 | D:5      | Noticed a green death
  4782 | D:5      | Fell from the grace of the Shining One
  4782 | D:5      | Became a worshipper of Zin the Law-Giver
  4782 | D:5      | Reached * piety under Zin
  4812 | D:5      | Noticed Edmund
  4822 | D:5      | Killed Edmund
  4823 | D:5      | Reached XP level 9. HP: 63/79 MP: 8/8
  4949 | D:5      | Found a snail-covered altar of Cheibriados.
  5013 | D:5      | Found a stormy altar of Qazlal.
  5234 | D:6      | Reached skill level 5 in Axes
  5412 | D:6      | Reached skill level 5 in Stealth
  5576 | D:6      | Noticed Eustachio
  5596 | D:6      | Killed Eustachio
  5597 | D:6      | Reached skill level 8 in Armour
  5815 | D:6      | Noticed a troll
  5821 | D:6      | Killed a troll
  5988 | D:6      | Found a hide-covered altar of Uskayaw.
  6335 | D:7      | Reached ** piety under Zin
  6535 | D:7      | Reached XP level 10. HP: 88/90 MP: 9/9
  7165 | D:7      | Found an opulent altar of Gozag.
  7493 | D:8      | Noticed Maurice
  7511 | D:8      | Killed Maurice
  7551 | D:8      | Found a staircase to the Lair.
  7556 | D:8      | You fall into a shaft and drop 2 floors!
  7556 | D:10     | Entered Level 10 of the Dungeon
  7568 | D:10     | Reached skill level 9 in Armour
  7571 | D:10     | Noticed a two-headed ogre
  7574 | D:10     | Noticed a two-headed ogre
  7580 | D:10     | Killed a two-headed ogre
  7581 | D:10     | Reached skill level 1 in Invocations
  7596 | D:10     | Killed a two-headed ogre
  7843 | D:10     | Noticed a two-headed ogre
  8199 | D:9      | Noticed a two-headed ogre
  9201 | D:8      | Noticed Erica
  9213 | D:8      | Killed Erica
  9263 | D:8      | Reached XP level 11. HP: 60/99 MP: 12/12
  9269 | D:8      | Reached skill level 10 in Fighting
  9275 | D:8      | Reached skill level 10 in Armour
  9465 | D:8      | Reached *** piety under Zin
  9562 | D:8      | Noticed Harold
  9576 | D:8      | Killed Harold
  9610 | D:8      | Found Diunlolatin's Self-Improvement Boutique.
 10046 | D:8      | Found a bloodstained altar of Trog.
 10129 | D:8      | Noticed a two-headed ogre
 10146 | D:8      | Killed a two-headed ogre
 10569 | D:9      | Killed a two-headed ogre
 10739 | D:9      | Found an iron altar of Okawaru.
 10827 | D:9      | Found a staircase to the Orcish Mines.
 11432 | D:9      | Reached skill level 5 in Invocations
 11587 | D:9      | Noticed a two-headed ogre
 11613 | D:8      | Killed a two-headed ogre
 11614 | D:8      | Reached skill level 11 in Armour
 12600 | D:10     | Reached skill level 5 in Polearms
 12899 | D:10     | Found a white marble altar of Elyvilon.
 12972 | D:10     | Noticed Josephine
 12987 | D:10     | Killed Josephine
 13201 | D:10     | Reached **** piety under Zin
 13500 | D:10     | Reached XP level 12. HP: 100/110 MP: 15/15
 13626 | D:10     | Killed a two-headed ogre
 13836 | D:10     | Reached skill level 10 in Dodging
 14334 | D:10     | Reached skill level 12 in Armour
 14435 | D:10     | Noticed Urug
 14454 | D:10     | Killed Urug
 14892 | D:10     | Found a radiant altar of Vehumet.
 15038 | D:10     | Noticed a rakshasa
 15045 | D:10     | Noticed a centaur warrior
 15060 | D:10     | Killed a centaur warrior
 15067 | D:10     | Killed a rakshasa
 15819 | D:11     | Noticed an eight-headed hydra
 15829 | D:11     | Killed an eight-headed hydra
 16140 | D:11     | Found a runed translucent door.
 16331 | D:11     | Learned a level 2 spell: Blink
 16868 | D:11     | Reached skill level 1 in Translocations
 16872 | D:11     | Reached ***** piety under Zin
 17393 | Orc:1    | Entered Level 1 of the Orcish Mines
 17675 | Orc:2    | Entered Level 2 of the Orcish Mines
 17688 | Orc:2    | Noticed Saint Roka
 17846 | Lair:1   | Entered Level 1 of the Lair of Beasts
 17933 | Lair:1   | Noticed a seven-headed hydra
 17943 | Lair:1   | Killed a seven-headed hydra
 17944 | Lair:1   | Reached skill level 13 in Armour
 18192 | Lair:1   | Reached XP level 13. HP: 101/116 MP: 18/18
 18497 | Lair:2   | Found a hole to the Spider Nest.
 19466 | Lair:2   | Found a staircase to the Swamp.
 20538 | Lair:3   | Reached ****** piety under Zin
 20736 | Lair:4   | Reached skill level 10 in Polearms
 21516 | Lair:4   | Reached skill level 14 in Armour
 23716 | Lair:5   | Found a runed translucent gate.
 23716 | Lair:5   | Found a runed translucent gate.
 23716 | Lair:5   | Found a runed translucent gate.
 23722 | Lair:5   | Noticed pdpol's ghost (journeyman MiBe)
 23965 | Lair:6   | Entered Level 6 of the Lair of Beasts
 23984 | Lair:6   | Reached XP level 14. HP: 113/127 MP: 19/19
 24038 | Lair:6   | Found a viscous altar of Jiyva.
 24038 | Lair:6   | Found a staircase to the Slime Pits.
 24842 | Lair:6   | Reached skill level 5 in Translocations
 24980 | Lair:6   | HP: 6/127 [torpor snail (5)]
 24987 | Lair:6   | Reached skill level 15 in Armour
 25668 | Lair:6   | Identified the +0 pair of boots "Paelowk" {rF+ Will+}
 27414 | Orc:2    | Killed Saint Roka
 28415 | Orc:2    | Found a staircase to the Elven Halls.
 28929 | Orc:2    | Found Japrowa's Magic Scroll Shop.
 29110 | Orc:2    | Reached XP level 15. HP: 135/137 MP: 21/21
 29448 | Orc:2    | Reached skill level 16 in Armour
 29871 | Orc:2    | Found Diluob's Antique Armour Boutique.
 29871 | Orc:2    | Found Govuf's Armour Boutique.
 29872 | Orc:2    | Found Diaxzon's Armour Boutique.
 29872 | Orc:2    | Found Weippy's Magic Scroll Shop.
 30175 | Spider:1 | Entered Level 1 of the Spider Nest
 30978 | D:12     | Mangled by a freezing wraith

Illustrated notes

Levels and vault maps discovered:
D:1:      lightli_arrival_quake, layout_loops_ring,
          ebering_ecumenical_altar_abandoned
D:2:      layout_basic, uniq_terence
D:3:      layout_basic, serial_shops, nicolae_square_shop, st_stairs_6
D:4:      layout_basic, kennysheep_little_box, enter_ossuary_4
D:5:      layout_rooms, grunt_temple_overflow_order_and_chaos_2,
          nicolae_qazlal_eye_of_the_storm, cheibrodos_worm_habitat,
          temple_doors_e, uniq_edmund, uniq_grinder
D:6:      layout_loops_ring, nicolae_uskayaw_dance_studio, uniq_eustachio
D:7:      layout_basic, nicolae_gozag_cash_rules_everything_around_me,
          serial_undead, serial_undead_e, serial_undead_d, serial_undead_a,
          serial_undead_c, nrook_mini_vaults
D:8:      layout_gridville, trog_book, lair_entry_dummy,
          kennysheep_another_room, nicolae_shop_self_help, uniq_maurice,
          uniq_harold, uniq_erica
D:9:      cheibrodos_helix_gallery, layout_long_grid,
          mainiacjoe_overflow_concentric_impassable,
          kennysheep_orc_monster_closet_entryway, nzn_life_drinkers
D:10:     minmay_the_grid_octo_tiled_squarecenter
          [minmay_the_grid_octo_thin_diamonds,
          minmay_the_grid_octo_checkerflower, minmay_the_grid_octo_toaster,
          minmay_the_grid_octo_odd_swirl,
          minmay_the_grid_square_5x5_megaprize_checkered,
          minmay_the_grid_square_5x5_eight_small,
          minmay_the_grid_square_5x5_lines,
          minmay_the_grid_square_5x5_trominoes, minmay_the_grid_square_5x5_c],
          layout_basic, elyvilon_altar_3, mainiacjoe_overflow_surrounded_room,
          special_room [special_room_bee], uniq_josephine, uniq_urug
D:11:     cheibrodos_shockbox, layout_loops_corners, minmay_statue_bubble
D:12:     layout_basic, serial_shops, kennysheep_mini, nicolae_diamond_shop,
          statue_in_the_mist_lemuel
Temple:   kb_corrupted_temple
Lair:1:   layout_big_grid
Lair:2:   layout_chaotic_city, minmay_swamp_entry_worms,
          hellmonk_spider_entry_not_the_bees
Lair:3:   layout_chaotic_city, kennysheep_rathole, serial_bayou_shore_b,
          infiniplex_staircase_pool_2, grunt_megastairs_1
Lair:4:   layout_cellular_growth
Lair:5:   layout_cave_pods, gammafunk_ghost_hydra_chop, wad_woods_river_03
Lair:6:   gammafunk_lair_ancient_temple, layout_regular_city, slime_altar_1
Spider:1: layout_spider_delve
Orc:1:    layout_caves, uniq_gastronok
Orc:2:    st_orc_pillars, layout_caves, serial_shops, shop, uniq_saint_roka

Skill      XL: |  1  2  3  4  5  6  7  8  9 10 11 12 13 14 15 |
---------------+----------------------------------------------+-----
Fighting       | 4 5 6 7 8 9 11 12 14 | 14.4
Armour         | 4 5 6 7 8 9 11 13 14 15 16 | 16.2
Stealth        | 1 2 3 4 5 6 7 |  7.0
Axes           | 3 4 6 |  6.7
Polearms       | 1 2 3 4 5 8 10 12 13 | 13.3
Dodging        | 1 2 3 5 6 7 9 10 | 10.7
Invocations    | 3 6 8 9 |  9.8
Translocations | 1 4 5 |  5.8
Shields        | |  3.6

Action                   |  1- 3 |  4- 6 |  7- 9 | 10-12 | 13-15 || total
-------------------------+-------+-------+-------+-------+-------++-------
Melee: War axe           |    62 |       |       |       |       ||    62
       Headbutt          |     9 |    22 |    75 |   219 |   481 ||   806
       Spear             |     9 |   120 |   304 |   758 |  1547 ||  2738
       Punch             |       |       |       |       |     1 ||     1
 Cast: Blink             |       |       |       |       |     1 ||     1
Invok: Recite            |       |       |       |     6 |     4 ||    10
       Vitalisation      |       |       |       |       |     2 ||     2
Evoke: Wand              |       |       |       |     2 |    11 ||    13
  Use: Scroll            |       |     6 |       |    21 |    13 ||    40
       Potion            |       |       |       |     4 |     5 ||     9
 Stab: Distracted        |       |     1 |     1 |       |       ||     2
       Sleeping          |       |       |       |     1 |       ||     1
       Invisible         |       |       |       |     2 |    14 ||    16
       Confused          |       |       |       |       |     5 ||     5
       Paralysed         |       |       |       |       |     4 ||     4
Armor: Scale mail        |    22 |    28 |    58 |    39 |       ||   147
       Plate armour      |       |       |       |   248 |   483 ||   731
Dodge: Dodged            |    34 |    33 |   119 |   317 |   447 ||   950
Block: Buckler           |    22 |       |       |       |       ||    22
       Orb               |       |       |       |    12 |   202 ||   214
       Other             |       |       |       |       |     1 ||     1
       Reflection        |       |       |       |       |     2 ||     2
